 Dungeon Crawl Stone Soup version 0.28-a0-1629-gf728b707aa (webtiles) character file.

Game seed: 13877979183487902581

1057 Ajdolov the Spear-Bearer (level 8, -2/62 HPs)
             Began as a Merfolk Gladiator on Jan 25, 2022.
             Was a Follower of Okawaru.
             Slain by a vampire (8 damage)
             ... on level 5 of the Dungeon.
             The game lasted 00:09:13 (4695 turns).

Ajdolov the Spear-Bearer (Merfolk Gladiator)        Turns: 4695, Time: 00:09:14

Health: -2/62      AC: 11    Str: 16    XL:     8   Next: 27%
Magic:  10/10      EV: 11    Int:  7    God:    Okawaru [*.....]
Gold:   204        SH:  0    Dex: 16    Spells: 7/7 levels left

rFire   . . .      SeeInvis .   a - +0 trident
rCold   . . .      Faith    .   (no shield)
rNeg    . . .      Spirit   .   o - +0 scale mail
rPois   +          Reflect  .   c - +0 helmet
rElec   .          Harm     .   f - +0 cloak
rCorr   .          Rampage  .   (no gloves)
Will    .....                   b - +2 pair of boots
Stlth   ..........              (no amulet)
HPRegen 0.20/turn               s - ring of poison resistance
MPRegen 0.12/turn               (no ring)

@: mighty
A: (nimble swimmer 2), mertail
a: Renounce Religion, Heroism


You were on level 5 of the Dungeon.
You worshipped Okawaru.
Okawaru was aware of your devotion.
You visited 2 branches of the dungeon, and saw 6 of its levels.

You collected 204 gold pieces.

Inventory:

Hand Weapons
 a - a +0 trident (weapon)
Missiles
 d - 3 throwing nets (quivered)
Armour
 b - a +2 pair of boots (worn)
 c - a +0 helmet (worn)
 f - a +0 cloak (worn)
 o - a +0 scale mail (worn)
Jewellery
 s - a ring of poison resistance (left hand)
Wands
 g - a wand of acid (9)
 k - a wand of digging (2)
 t - a wand of paralysis (5)
Scrolls
 e - 2 scrolls of enchant armour {unknown}
 h - a scroll of noise {unknown}
 i - 2 scrolls of teleportation {unknown}
 j - 4 scrolls of identify {unknown}
 l - a scroll of magic mapping {unknown}
 m - 3 scrolls of immolation {unknown}
 r - a scroll of torment {unknown}
Potions
 q - a potion of brilliance {unknown}


   Skills:
 - Level 5.3 Fighting
 * Level 11.7 Polearms
 - Level 2.0 Throwing
 - Level 4.0 Dodging
 - Level 1.0 Stealth
 + Level 2.8 Invocations


You had 7 spell levels left.
You didn't know any spells.
Your spell library contained the following spells:

 Spells                   Type           Power      Damage    Failure   Level
 Beastly Appendage        Tmut           0%         N/A       87%         1
 Sting                    Tmut/Pois      0%         1d3       87%         1
 Wereblood                Tmut           0%         N/A       95%         2
 Spider Form              Tmut/Pois      0%         N/A       99%         3
 Ice Form                 Ice/Tmut       0%         N/A       100%        4
 Starburst                Conj/Fire      0%         6d3       100%        6
 Summon Small Mammal      Summ           Unusable   N/A       N/A         1
 Call Canine Familiar     Summ           Unusable   N/A       N/A         3
 Summon Guardian Golem    Hex/Summ       Unusable   N/A       N/A         3

Dungeon Overview and Level Annotations

Branches:
Dungeon (5/15)             Temple (1/1) D:4

Altars:
Ashenzari
Cheibriados
Dithmenos
Elyvilon
Fedhas
Gozag
Hepliaklqana
Kikubaaqudgha
Makhleb
Nemelex Xobeh
Okawaru
Sif Muna
Trog
Uskayaw
Vehumet
Wu Jian
Xom
Yredelemnul
Zin
The Shining One


Innate Abilities, Weirdness & Mutations

((You are very nimble when in or above water. (Stealth+, EV+, Speed+++)))
Your lower body shifts to a powerful aquatic tail in water.


Message History

Something bites you.
Something draws strength from your injuries!
You barely miss something. You barely miss something.
Something completely misses you. Something bites you but does no damage.
You puncture something! Something hits you.
Something bites you but does no damage.
You miss something. You hit something. Something hits you. Something bites you.
Something draws strength from your injuries!
You hit something but do no damage. Something hits you. Something bites you.
Something draws strength from your injuries!
You barely miss something. Something hits you but does no damage.
Something bites you!
Something draws strength from your injuries!
You hit something but do no damage. You hit something. Something hits you.
* * * LOW HITPOINT WARNING * * *
Something bites you!
* * * LOW HITPOINT WARNING * * *
Something draws strength from your injuries!
You closely miss something. Something hits you but does no damage.
Something bites you.
* * * LOW HITPOINT WARNING * * *
Something draws strength from your injuries!
You feel better. Something hits you.
* * * LOW HITPOINT WARNING * * *
Something bites you but does no damage.
Aiming: Corrosive Bolt
Press: ? - help, Shift-Dir - straight line The bolt of acid hits something!!
Something hits you but does no damage. Something bites you!
* * * LOW HITPOINT WARNING * * *
Something draws strength from your injuries!
It was a potion of might.
You feel very mighty all of a sudden. Something hits you.
* * * LOW HITPOINT WARNING * * *
Something bites you!
You die...

#.#.# #.. #.#.### #.#
#####'#...###.###
.......####.....##
.##....###.8...8.#
.##......#.......###
.##....#....._.....##
.#########.......#..#
.# #.8...8@#..# .#
##....{##..# .# #
###.###...# .#
#.##..# ##### <#
#....## .# #...## .#
......# .### ####...#
...# #...#


There were no monsters in sight!

Vanquished Creatures
  Grinder (D:3)
  A water moccasin (D:5)
  A necrophage (D:5)
  2 ogres
  A phantom (D:5)
  A bullfrog zombie (D:3)
  A bullfrog skeleton (D:4)
  3 hounds
  An orc priest (D:3)
  2 orc wizards (D:3)
  A killer bee zombie (D:4)
  6 adders
  A shadow imp (D:5)
  A white imp (D:5)
  An ufetubus (D:4)
  2 worms (D:3)
  A dart slug (D:4)
  15 orcs
  7 ball pythons
  3 bats
  14 endoplasms
  2 giant cockroaches (D:1)
  9 goblins
  7 hobgoblins
  6 quokkas
  2 frilled lizards
  8 kobolds
  8 rats
108 creatures vanquished.

Vanquished Creatures (others)
  4 plants (D:1)
4 creatures vanquished.

Grand Total: 112 creatures vanquished

Notes
Turn   | Place    | Note
-------+----------+-------------------------------------------
     0 | D:1      | Ajdolov the Merfolk Gladiator began the quest for the Orb.
     0 | D:1      | Reached XP level 1. HP: 16/16 MP: 1/1
   183 | D:1      | Reached XP level 2. HP: 23/23 MP: 2/2
   187 | D:1      | Reached skill level 5 in Polearms
   633 | D:1      | Reached XP level 3. HP: 27/28 MP: 3/3
  1149 | D:2      | Found a faded altar of an unknown god.
  1224 | D:2      | Got Plato's Disquisition on Shape Shifting
  1237 | D:2      | Reached skill level 6 in Polearms
  1379 | D:2      | Reached XP level 4. HP: 34/35 MP: 4/4
  1457 | D:2      | Found a bloodstained altar of Trog.
  1769 | D:3      | Reached skill level 7 in Polearms
  2010 | D:3      | Reached XP level 5. HP: 33/42 MP: 5/5
  2366 | D:3      | Found a shimmering altar of Xom.
  2366 | D:3      | Found a shimmering blue altar of Sif Muna.
  2366 | D:3      | Found a basalt altar of Yredelemnul.
  2560 | D:3      | Reached skill level 8 in Polearms
  2663 | D:3      | Found an ancient bone altar of Kikubaaqudgha.
  2829 | D:3      | Noticed Grinder
  2836 | D:3      | Reached XP level 6. HP: 42/43 MP: 6/6
  2854 | D:3      | Killed Grinder
  2855 | D:3      | Reached skill level 9 in Polearms
  3009 | D:3      | Reached XP level 7. HP: 40/55 MP: 7/7
  3264 | D:3      | Identified the +9 dagger of Causality {freeze, Str-4 Dex+4}
  3344 | D:4      | Reached skill level 5 in Fighting
  3364 | D:4      | Found a glowing silver altar of Zin.
  3451 | D:4      | Got the Grimoire of Flamy Ice
  3579 | D:4      | Found a staircase to the Ecumenical Temple.
  3585 | D:4      | Reached skill level 10 in Polearms
  3597 | Temple   | Entered the Ecumenical Temple
  3654 | Temple   | Became a worshipper of Warmaster Okawaru
  3763 | D:4      | Reached skill level 1 in Stealth
  4090 | D:5      | Entered Level 5 of the Dungeon
  4136 | D:5      | Reached skill level 1 in Invocations
  4195 | D:5      | Reached skill level 11 in Polearms
  4195 | D:5      | Reached XP level 8. HP: 41/62 MP: 7/9
  4519 | D:5      | Found an opulent altar of Gozag.
  4554 | D:5      | Reached * piety under Okawaru
  4663 | D:5      | Noticed a vampire
  4695 | D:5      | Slain by a vampire

Illustrated notes

Levels and vault maps discovered:
D:1:      elethiomel_arrival_diamonds, layout_loops_ring, serial_forest,
          infiniplex_forest_split, infiniplex_forest_lined_2,
          infiniplex_forest_clump_long, infiniplex_forest_clump_small,
          infiniplex_forest_clump_large, infiniplex_forest_straight_4,
          infiniplex_forest_3_way, corexii_leaking_fountain,
          serial_bayou_pond_b, nicolae_figureground_sparkle
D:2:      layout_rooms, shapermc_ecumenical_altar_rom_forum, basic_altar
D:3:      layout_loops_ring, nicolae_kikubaaqudgha_miasma_corner,
          gammafunk_temple_overflow_claw, minmay_misc_feat_iff,
          minmay_randomly_rotated_circles, uniq_grinder
D:4:      layout_loops_ring, mainiacjoe_overflow_concentric_impassable,
          minmay_temple_entry_junction_2
D:5:      layout_basic, grunt_gozag_statues, nicolae_ossuary_entry_catacombs,
          minmay_quadrilaterals
Temple:   zaba_magenta_temple

Skill      XL: |  1  2  3  4  5  6  7  8 |
---------------+-------------------------+-----
Polearms       | 5 6 7 8 9 11 | 11.7
Fighting       | 3 4 5 |  5.3
Stealth        | 1 |  1.0
Invocations    | 1 2 |  2.8
Throwing       | |  2.0
Dodging        | |  4.0

Action                   |  1- 3 |  4- 6 |  7- 9 || total
-------------------------+-------+-------+-------++-------
Melee: Trident           |   100 |   170 |   163 ||   433
       Punch             |     1 |     1 |     1 ||     3
Throw: Throwing net      |       |     3 |       ||     3
Evoke: Wand              |       |       |     2 ||     2
  Use: Potion            |       |     1 |     2 ||     3
 Stab: Sleeping          |     3 |       |       ||     3
       Held in net/web   |       |     2 |       ||     2
Armor: Leather armour    |    13 |    32 |     1 ||    46
       Scale mail        |       |       |    45 ||    45
Dodge: Dodged            |    42 |    61 |    64 ||   167

Table legend: (Time is in decaauts)
 A = Elapsed time spent in this place.
 B = Non-inter-level travel time spent in this place.
 C = Inter-level travel time spent in this place.
 D = Time resting spent in this place.
 E = Time spent auto-exploring this place.
 F = Levels seen in this place.
 G = Mean time per level.
                   A        B        C        D        E       F      G
               +--------+--------+--------+--------+--------+-----+--------+
         Total |   4639 |   4521 |    118 |    416 |   3270 |   6 |  773.2 |
       Dungeon |   4565 |   4463 |    102 |    416 |   3229 |   5 |  913.0 |
        Temple |     74 |     58 |     16 |      0 |     41 |   1 |   74.0 |
               +--------+--------+--------+--------+--------+-----+--------+

Top non-repeatable levels by time:
     D:3: 1592 daAuts
     D:1: 1133 daAuts
     D:4: 722 daAuts
     D:5: 581 daAuts
     D:2: 534 daAuts
  Temple: 74 daAuts
